 Dungeon Crawl Stone Soup version 0.17-a0-896-g249456b (webtiles) character file.

411 xeno23 the Skirmisher (level 6, -9/67 HPs)
             Began as an Ogre Wizard on May 1, 2015.
             Mangled by an ogre
             ... wielding a +0 giant club
              (32 damage)
             ... on level 4 of the Dungeon on May 2, 2015.
             The game lasted 00:19:16 (4119 turns).

xeno23 the Skirmisher (Ogre Wizard)                 Turns: 4119, Time: 00:19:17

Health: -9/67      AC:  3    Str: 15    XL:     6   Next: 90%
Magic:  11/11      EV: 10    Int: 17    God:
Gold:   193        SH:  0    Dex:  8    Spells: 5 memorised, 2 levels left

rFire  . . .     SeeInvis .     a - +1 dagger (drain)
rCold  . . .     Clarity  .     i - +0 robe
rNeg   . . .     SustAb   .     (no shield)
rPois  .         Gourm    .     w - +0 hat
rElec  .         Spirit   .     (no cloak)
rCorr  .         Warding  .     (gloves unavailable)
rMut   .         Stasis   .     (boots unavailable)
MR     .....                    (no amulet)
Stlth  +.........               (no ring)
                                (no ring)

@: not resistant to hostile enchantments, very unstealthy
A: unfitting armour, tough skin 1
a: no special abilities


You were on level 4 of the Dungeon.
You were hungry.

You visited 1 branch of the dungeon, and saw 4 of its levels.

You collected 193 gold pieces.

Inventory:

Hand weapons
 a - a +1 dagger of draining (weapon)
 b - a +0 hunting sling
 h - a +0 spear
 r - a cursed -1 flail
Missiles
 p - 12 steel sling bullets
Armour
 i - a +0 robe (worn)
 w - a +0 hat (worn)
Magical devices
 y - a wand of magic darts (17)
Scrolls
 k - 2 scrolls of recharging {unknown}
 l - a scroll of fear {unknown}
 o - 2 scrolls of fog {unknown}
 q - 2 scrolls of blinking {unknown}
 t - 2 scrolls of remove curse {unknown}
 u - 3 scrolls of teleportation {unknown}
 v - a scroll of noise {unknown}
 x - a scroll of random uselessness {unknown}
Potions
 e - 4 potions of might {unknown}
 j - 4 potions of degeneration {unknown}
 m - a potion of magic {unknown}
 n - 3 potions of curing {unknown}
 s - a potion of haste {unknown}
 A - a potion of cancellation {unknown}
Books
 c - a book of Minor Magic

   Spells                             Type                      Level
   a - Magic Dart                     Conjuration                  1
   b - Blink                          Translocation                2
   c - Call Imp                       Summoning                    2
   d - Repel Missiles                 Charms/Air                   2
   e - Slow                           Hexes                        2
   f - Conjure Flame                  Conjuration/Fire             3
   g - Mephitic Cloud                 Conjuration/Poison/Air       3
Comestibles
 d - 5 bread rations
 f - a beef jerky
 g - 4 meat rations


   Skills:
 + Level 6.0 Fighting
 * Level 5.9 Maces & Flails
 + Level 2.2 Dodging
 - Level 1.6 Stealth
 - Level 3.6 Spellcasting
 - Level 0.6 Conjurations
 - Level 0.6 Summonings
 - Level 0.6 Translocations


You had 2 spell levels left.
You knew the following spells:

 Your Spells              Type           Power        Failure   Level  Hunger
a - Magic Dart            Conj           #...         14%         1    None
b - Blink                 Tloc           N/A          21%         2    ##.....
c - Call Imp              Summ           #.......     21%         2    ##.....
d - Conjure Flame         Conj/Fire      #.......     47%         3    ###....
r - Repel Missiles        Chrm/Air       #.....       30%         2    ##.....


Dungeon Overview and Level Annotations

Branches:
Dungeon (4/15)
 Temple: D:4-7

Altars:


Innate Abilities, Weirdness & Mutations

You are too large for most types of armour.
You have tough skin (AC +1).


Message History

Things that are here:
a dagger; a robe
There is a stone staircase leading up, spattered with blood here.
Items here: ( )) [ a club; a throwing net; a short sword; a scale mail
Things that are here:
a dagger; a robe You are feeling hungry.
There is a stone staircase leading up, spattered with blood here.
Items here: ( )) [ a club; a throwing net; a short sword; a scale mail
Things that are here:
a dagger; a robe
There is a stone staircase leading up, spattered with blood here.
Items here: ( )) [ a club; a throwing net; a short sword; a scale mail
Things that are here:
a dagger; a robe The ogre hits you with a giant club!!
You die...

..#......# ......?...#
.#........#
..........# #
#####...#.##.#
#............#
###.###.#)#.#### # #
#...)..O)[#.####.#.#
##.#..#@##)#..........
#........<.##.........
####..##....'.........
#..##...##.........
#..##...##...###+#
#..##...##...#
...............
##..........[...
...####...###


You could see an ogre.

Vanquished Creatures
  Blork the orc (D:4)
  2 orc priests
  Natasha (thrice) (D:3)
  An orc wizard (D:4)
  A hound skeleton (D:4)
  7 adders
  7 gnolls
  An ooze (D:3)
  A giant gecko (D:3)
  6 orcs
  5 giant cockroaches
  5 hobgoblins
  5 kobolds
  A quokka (D:3)
  A ball python (D:2)
  7 bats
  A giant gecko skeleton (D:4)
  3 giant newts
  7 goblins
  12 jackals
  6 rats
83 creatures vanquished.

Vanquished Creatures (others)
  A hobgoblin (D:4)
1 creature vanquished.

Grand Total: 84 creatures vanquished

Notes
Turn   | Place    | Note
--------------------------------------------------------------
     0 | D:1      | xeno23, the Ogre Wizard, began the quest for the Orb.
     0 | D:1      | Reached XP level 1. HP: 16/16 MP: 5/5
   113 | D:1      | Reached skill level 1 in Fighting
   221 | D:1      | Reached XP level 2. HP: 11/28 MP: 0/6
   233 | D:1      | Reached skill level 1 in Maces & Flails
  1068 | D:2      | Reached XP level 3. HP: 22/36 MP: 0/8
  1075 | D:2      | Learned a level 2 spell: Blink
  1079 | D:2      | Learned a level 2 spell: Call Imp
  1227 | D:2      | Learned a level 2 spell: Repel Missiles
  1436 | D:2      | Reached XP level 4. HP: 40/45 MP: 5/9
  2258 | D:3      | Reached skill level 4 in Fighting
  2450 | D:3      | Noticed Natasha
  2457 | D:3      | Killed Natasha
  2457 | D:3      | Reached XP level 5. HP: 49/55 MP: 4/10
  2510 | D:3      | Noticed Natasha
  2515 | D:3      | Killed Natasha
  2659 | D:3      | Reached skill level 5 in Fighting
  2701 | D:3      | Learned a level 3 spell: Conjure Flame
  2827 | D:3      | Noticed Natasha
  2834 | D:3      | Killed Natasha
  2927 | D:3      | Reached XP level 6. HP: 66/66 MP: 11/11
  3126 | D:4      | Noticed Blork the orc
  3320 | D:4      | Reached skill level 5 in Maces & Flails
  3617 | D:4      | Killed Blork the orc
  3814 | D:4      | Reached skill level 6 in Fighting
  4119 | D:4      | Mangled by an ogre

Action                   |  1- 3 |  4- 6 || total
-------------------------+-------+-------++-------
Melee: Club              |    18 |       ||    18
       Unarmed           |     8 |       ||     8
       Dagger            |    52 |   238 ||   290
 Fire: Hunting sling     |       |     5 ||     5
 Cast: Magic Dart        |    35 |    42 ||    77
       Repel Missiles    |     1 |       ||     1
       Call Imp          |       |     2 ||     2
  Eat: Chunk             |     2 |     8 ||    10
